 Dungeon Crawl Stone Soup version 0.28-a0-983-g1de4e0787c (webtiles) character file.

Game seed: 5626044786876047878

627 sanka the Agent of Entropy (level 7, -5/55 HPs)
             Began as a Palentonga Abyssal Knight on Dec 2, 2021.
             Was a Priest of Lugonu.
             Shot with an arrow by a centaur (8 damage)
             ... on level 5 of the Dungeon.
             The game lasted 00:09:07 (5074 turns).

sanka the Agent of Entropy (PaAK)                   Turns: 5074, Time: 00:09:08

Health: -5/55      AC: 13    Str: 19    XL:     7   Next: 23%
Magic:  0/11       EV:  9    Int: 10    God:    Lugonu [***...]
Gold:   186        SH:  0    Dex: 10    Spells: 6/6 levels left

rFire   . . .      SeeInvis +   a - +1 hand axe
rCold   . . .      Faith    .   (no shield)
rNeg    . . .      Spirit   +   b - +0 leather armour
rPois   .          Reflect  .   k - +0 helmet
rElec   .          Harm     .   (no cloak)
rCorr   +          Rampage  .   e - +0 pair of gloves
Will    .....                   (no barding)
Stlth   +.........              c - amulet of guardian spirit
HPRegen 0.18/turn               (no ring)
MPRegen 0.12/turn               i - ring of resist corrosion

@: curled up
A: large, rugged brown scales 3, see invisible, deformed body, roll 1, armoured
tail, reflexive curl
a: Rolling Charge, Renounce Religion, Depart the Abyss, Bend Space, Banish


You were on level 5 of the Dungeon.
You worshipped Lugonu.
Lugonu was most pleased with you.
You visited 1 branch of the dungeon, and saw 5 of its levels.
You visited the Abyss 1 time.
You also visited: Sewer.

You collected 186 gold pieces.


Innate Abilities, Weirdness & Mutations

You are completely covered in rugged brown scales. (AC +3, +7% HP)
You have supernaturally acute eyesight. (SInv)
Armour fits poorly on your strangely shaped body.
You can roll at nearby foes to attack.
You have a long armoured tail.
You curl defensively after being hit. (AC +7*)


   Skills:
 - Level 3.0 Fighting
 - Level 6.0 Axes
 - Level 1.5 Armour
 - Level 0.7 Dodging
 + Level 6.2 Invocations


You had 6 spell levels left.
You didn't know any spells.
Your spell library was empty.

Inventory:

Hand Weapons
 a - a +1 hand axe (weapon)
Armour
 b - a +0 leather armour (worn)
 e - a +0 pair of gloves (worn)
 k - a +0 helmet (worn)
Jewellery
 c - an amulet of guardian spirit (around neck)
 i - a ring of resist corrosion (right hand)
 l - an amulet of the acrobat
Scrolls
 f - 2 scrolls of teleportation {@r4}
 m - a scroll of torment {!r}
 o - 3 scrolls of immolation {!r}
 p - a scroll of enchant armour {unknown}
 q - 2 scrolls of magic mapping {unknown}
 r - 4 scrolls of blinking
 t - 2 scrolls of fear {unknown}
 v - 3 scrolls of enchant weapon {unknown}
Potions
 d - a potion of lignification {unknown}
 g - a potion of berserk rage {unknown}
 h - a potion of heal wounds {unknown}
 j - a potion of haste {unknown}
 n - a potion of curing {unknown}
 s - a potion of magic {unknown}
 u - a potion of invisibility {unknown}
 w - a potion of degeneration {unknown}

Dungeon Overview and Level Annotations

Branches:
Dungeon (5/15)             Temple (0/1) D:4           Sewer (visited)

Altars:
Xom

Annotations:
D:3 1 runed translucent door, Crazy Yiuf

▒.......
▒▒.▒....▒▒▒
.........
▒.....▒
▒.....▒ .
▒<▒ ... ▒Y▒
.....▒▒▒.▒
...c...H.▒
.>...▒▒▒.▒
... ▒▒▒ .


You could see an ice beast and a centaur.


Message History

The ice beast freezes you!
Unknown command.
You hit the ice beast but do no damage.
The ice beast is lightly wounded.
The ice beast hits you. The ice beast freezes you!
You hit the ice beast but do no damage.
The ice beast is lightly wounded.
The ice beast hits you. The ice beast freezes you!
* * * LOW HITPOINT WARNING * * *
You barely miss the ice beast.
The ice beast is lightly wounded.
The ice beast hits you.
* * * LOW HITPOINT WARNING * * *
The ice beast freezes you!
* * * LOW HITPOINT WARNING * * *
Use which ability? (? or * to list)
You don't have enough magic at the moment.
Unknown command.
A centaur comes into view.
Found a stone staircase leading down.
The centaur shouts!
The centaur wields a +0 shortbow.
The centaur shoots an arrow.
The arrow hits you.
* * * LOW HITPOINT WARNING * * *
The centaur shoots an arrow.
The arrow hits you!
You die...

Action                   |  1- 3 |  4- 6 |  7- 9 || total
-------------------------+-------+-------+-------++-------
Melee: Hand axe          |    91 |   175 |    39 ||   305
       Tailslap          |     8 |    20 |     4 ||    32
Invok: Banish            |       |     1 |       ||     1
 Abil: Rolling Charge    |     4 |    17 |     2 ||    23
  Use: Scroll            |       |     4 |       ||     4
Armor: Leather armour    |    44 |    75 |    14 ||   133
Dodge: Dodged            |    40 |    90 |    14 ||   144

Levels and vault maps discovered:
D:1:      lemuel_arrival_hallway, layout_basic,
          dreamdust_ecumenical_altar_statues, minmay_pentomino_o4
D:2:      layout_loops_corners, basic_altar
D:3:      layout_loops_corners, uniq_crazy_yiuf_cottage
D:4:      layout_gridville, minmay_temple_entry_trees, gup_sewer_entry_spiral
D:5:      wad_lake_hut, layout_basic, st_stairs_7, uniq_pikel, uniq_edmund

Notes
Turn   | Place    | Note
-------+----------+-------------------------------------------
     0 | Abyss:1  | sanka the Palentonga Abyssal Knight began the quest for the
                  | Orb.
     0 | Abyss:1  | Reached XP level 1. HP: 19/19 MP: 2/2
    21 | D:1      | Escaped the Abyss
    92 | D:1      | Reached XP level 2. HP: 24/25 MP: 1/3
   220 | D:1      | Found a faded altar of an unknown god.
   326 | D:1      | Reached skill level 3 in Axes
   343 | D:1      | Reached XP level 3. HP: 23/31 MP: 3/5
   807 | D:2      | Reached skill level 3 in Invocations
   939 | D:2      | Found a shimmering altar of Xom.
  1187 | D:2      | Reached XP level 4. HP: 37/37 MP: 4/6
  1187 | D:2      | Reached ** piety under Lugonu
  1672 | D:3      | Found a runed translucent door.
  1673 | D:3      | Noticed Crazy Yiuf
  2087 | D:3      | Reached skill level 4 in Axes
  2155 | D:3      | Reached skill level 4 in Invocations
  2427 | D:3      | Reached XP level 5. HP: 43/43 MP: 8/8
  3116 | D:4      | Found a staircase to the Ecumenical Temple.
  3152 | D:4      | HP: 2/43 [iguana (8)]
  3237 | D:4      | Reached *** piety under Lugonu
  3297 | D:4      | Found a glowing drain.
  3301 | Sewer    | Entered a sewer
  3533 | Sewer    | Noticed Pargi
  3548 | Sewer    | Killed Pargi
  3549 | Sewer    | Reached skill level 5 in Axes
  3549 | Sewer    | Reached skill level 5 in Invocations
  3549 | Sewer    | Reached XP level 6. HP: 26/50 MP: 5/9
  4425 | D:4      | Gained mutation: You curl defensively after being hit. (AC
                  | +7*) [Palentonga growth]
  4425 | D:4      | Reached XP level 7. HP: 46/55 MP: 9/11
  4582 | D:4      | Reached skill level 6 in Invocations
  4841 | D:4      | Reached skill level 6 in Axes
  5060 | D:5      | Entered Level 5 of the Dungeon
  5073 | D:5      | HP: 3/55 [centaur/arrow (5)]
  5074 | D:5      | Shot with an arrow by a centaur

Vanquished Creatures
  Pargi (Sewer)
  A scorpion (D:4)
  2 bullfrog skeletons (D:4)
  2 iguanas (D:4)
  2 orc wizards (D:4)
  10 adders
  4 gnolls
  A worm (D:3)
  3 dart slugs
  3 orcs
  11 ball pythons
  3 endoplasms
  5 giant cockroaches
  6 goblins
  6 hobgoblins
  4 jackals (D:2)
  5 quokkas
  7 bats
  6 frilled lizards
  7 kobolds
  12 rats
101 creatures vanquished.
